[Event "WSTCC-65 2024"]
[Site "Krakow"]
[Date "2024.07.02"]
[Round "1.16"]
[White "Kot, Jerzy"]
[Black "Lynch, Peter J."]
[Result "1/2-1/2"]
[ECO "B20"]
[WhiteElo "2019"]
[BlackElo "1741"]
[Annotator "NA RC"]
[PlyCount "133"]
[EventDate "2024.07.01"]
[EventType "team-tourn"]
[EventCountry "POL"]
[SourceTitle "playchess.com"]
[Source "ChessBase"]
[SourceQuality "1"]
[TimeControl "40/5400+30:1800+30"]

1. e4 c5 2. a3 e6 3. c3 Nc6 4. b4 a6 5. d4 cxd4 6. cxd4 d5 7. e5 g6 8. Nf3 h5 9. Bd3 Nh6 10. Bg5 Be7 11. Bxh6 Rxh6 12. O-O Bd7 13. Qd2 Rh8 14. Rd1 Qb6 15. Bf1 Rc8 16. Nc3 Na7 17. Bd3 Bf8 18. Ng5 Bh6 19. Ne2 Ba4 20. Rdc1 Qd8 21. f4 Bb5 22. Rc5 Bf8 23. Rxc8 Qxc8 24. Rc1 Qd7 25. Rc3 Be7 26. Nc1 Bd8 27. Nb3 b6 28. Qc1 Bxd3 29. Rxd3 Nb5 30. h4 Kf8 31. Nd2 Kg7 32. Qc2 Be7 33. Qd1 Rc8 34. g4 hxg4 35. Qxg4 Bxg5 36. fxg5 Rc3 37. Qf3 Rxd3 38. Qxd3 Qc7 39. Kf2 Qc3 40. Qxc3 Nxc3 41. Ke3 Kf8 42. Kd3 Nb5 43. Nb1 Ke7 44. a4 Nc7 45. Nd2 Kd7 46. Kc3 Kc6 47. Nf1 Ne8 48. Ne3 Ng7 49. Kd3 Kd7 50. Kc3 Kc6 51. Kd2 Kd7 52. Kd3 Kc7 53. Ke2 Kd7 54. Kf3 Ke7 55. Ke2 Kd7 56. Kd3 Kc7 57. Kc3 Kc6 58. Kb3 Kb7 59. Kc2 Kc6 60. Kc3 Kc7 61. Kd2 Kd7 62. Kd3 Kc7 63. Ng4 Nf5 64. Nh6 Nxh4 65. Nxf7 Nf5 66. Nh6 Kd7 67. Ng4 1/2-1/2

[Event "WSTCC-65 2024"]
[Site "Krakow"]
[Date "2024.07.02"]
[Round "1.17"]
[White "Kyas, Juergen"]
[Black "Freeman, Richard C P"]
[Result "1-0"]
[ECO "B01"]
[WhiteElo "2173"]
[BlackElo "1951"]
[Annotator "RC"]
[PlyCount "57"]
[EventDate "2024.07.01"]
[EventType "team-tourn"]
[EventCountry "POL"]
[SourceTitle "playchess.com"]
[Source "ChessBase"]
[SourceQuality "1"]
[TimeControl "40/5400+30:1800+30"]

1. e4 d5 2. exd5 Nf6 3. d4 Bg4 4. Nf3 Qxd5 5. Be2 Nc6 6. h3 Bh5 7. c4 Qd6 8. O-O O-O-O 9. d5 Bxf3 10. Bxf3 Ne5 11. Be2 e6 12. Qa4 exd5 13. Qxa7 Qa6 14. Qxa6 bxa6 15. cxd5 Kb7 16. Nc3 Nxd5 17. Nxd5 Rxd5 18. f4 Bc5+ 19. Kh1 Nc6 20. Bf3 Rd7 21. b4 Bd4 22. Rb1 Kb6 23. a4 Ne7 24. b5 a5 25. Ba3 Nd5 26. Rfc1 Nc3 27. Rb3 Nxa4 28. Rc6+ Ka7 29. Ra6+ 1-0

[Event "WSTCC-65 2024"]
[Site "Krakow"]
[Date "2024.07.02"]
[Round "1.17"]
[White "Smith, Andrew Philip"]
[Black "Sosnowska, Elzbieta"]
[Result "1-0"]
[ECO "C22"]
[WhiteElo "2037"]
[BlackElo "1810"]
[Annotator "NA RC"]
[PlyCount "59"]
[EventDate "2024.07.01"]
[EventType "team-tourn"]
[EventCountry "POL"]
[SourceTitle "playchess.com"]
[Source "ChessBase"]
[SourceQuality "1"]
[TimeControl "40/5400+30:1800+30"]

1. e4 e5 2. d4 exd4 3. Qxd4 Nc6 4. Qe3 g6 5. Nc3 Bg7 6. Bc4 Ne5 7. Bb3 d6 8. Nf3 Nf6 9. h3 O-O 10. O-O c6 11. Rd1 Qe7 12. a4 Be6 13. Nxe5 dxe5 14. Bxe6 Qxe6 15. b3 b6 16. a5 c5 17. axb6 axb6 18. Rxa8 Rxa8 19. Qd3 Bf8 20. Bg5 Ne8 21. Qd7 Qxd7 22. Rxd7 f6 23. Be3 Nd6 24. Nd5 Nxe4 25. f3 Ra1+ 26. Kh2 Bg7 27. fxe4 Rf1 28. Nxb6 Re1 29. Nd5 g5 30. Ne7+ 1-0

[Event "WSTCC-65 2024"]
[Site "Krakow"]
[Date "2024.07.02"]
[Round "1.18"]
[White "Wood, Peter R"]
[Black "Baum, Bernd"]
[Result "0-1"]
[ECO "B25"]
[WhiteElo "1948"]
[BlackElo "2203"]
[Annotator "RC"]
[PlyCount "132"]
[EventDate "2024.07.01"]
[EventType "team-tourn"]
[EventCountry "POL"]
[SourceTitle "playchess.com"]
[Source "ChessBase"]
[SourceQuality "1"]
[TimeControl "40/5400+30:1800+30"]

1. e4 c5 2. Nc3 Nc6 3. g3 g6 4. Bg2 Bg7 5. d3 d6 6. f4 e6 7. Nf3 Nge7 8. O-O O-O 9. Be3 Nd4 10. Bf2 Rb8 11. e5 Nxf3+ 12. Qxf3 b6 13. Qe2 Bb7 14. g4 Bxg2 15. Kxg2 dxe5 16. fxe5 Nc6 17. Bg3 Qe7 18. Rae1 Rbd8 19. h3 Nd4 20. Qd2 c4 21. Ne4 cxd3 22. cxd3 Rc8 23. Rc1 Qb7 24. Qf2 Rxc1 25. Rxc1 Qd5 26. Rc4 Nc6 27. Kh2 Nxe5 28. Rc7 f5 29. Nc3 Qxd3 30. Rxg7+ Kxg7 31. Bxe5+ Kg8 32. g5 Rd8 33. Ne2 Qe4 34. Bc3 Rd3 35. Ng3 Qe3 36. Qg2 Qf3 37. Qxf3 Rxf3 38. Kg2 Rd3 39. Ne2 e5 40. Nc1 Rd5 41. Kf2 Kf7 42. Ke3 Rd1 43. Nd3 e4 44. Ne1 Rd7 45. h4 Ke6 46. Kf4 Kd5 47. Ke3 Kc4 48. Kf4 b5 49. a3 Kb3 50. Ke3 a5 51. Bxa5 Kxb2 52. Bb4 Kc1 53. Bc3 Kd1 54. Bb4 Rc7 55. Ba5 Rc4 56. Ng2 Rc2 57. Nf4 Rh2 58. Nd5 Rh3+ 59. Kd4 Rxa3 60. Bb4 Rd3+ 61. Ke5 Rh3 62. Nc3+ Kc2 63. Nxb5 Rxh4 64. Nd4+ Kd1 65. Bc5 e3 66. Nf3 Re4+ 0-1

[Event "WSTCC-65 2024"]
[Site "Krakow"]
[Date "2024.07.02"]
[Round "1.18"]
[White "Marks, Zofia"]
[Black "Morriss, Pete"]
[Result "0-1"]
[ECO "A05"]
[WhiteElo "1906"]
[BlackElo "1982"]
[Annotator "NA RC"]
[PlyCount "63"]
[EventDate "2024.07.01"]
[EventType "team-tourn"]
[EventCountry "POL"]
[SourceTitle "playchess.com"]
[Source "ChessBase"]
[SourceQuality "1"]
[TimeControl "40/5400+30:1800+30"]

1. Nf3 Nf6 2. c4 e6 3. g3 d5 4. Bg2 c5 5. O-O Nc6 6. cxd5 exd5 7. d3 Be7 8. a3 O-O 9. Qc2 h6 10. b3 Be6 11. Bb2 Rc8 12. Nbd2 b5 13. Rac1 Na5 14. Qb1 c4 15. b4 Nc6 16. Nd4 Nxd4 17. Bxd4 a5 18. Nf3 axb4 19. axb4 Nd7 20. Rfd1 Bf6 21. Rd2 Bxd4 22. Nxd4 Qb6 23. e3 Ne5 24. Bf1 Ra8 25. Rc3 Ra4 26. dxc4 Nxc4 27. Ra2 Rfa8 28. Rxa4 Rxa4 29. Bxc4 dxc4 30. Kg2 Qd6 31. Nxe6 Rxb4 32. Qe4 0-1

[Event "WSTCC-65 2024"]
[Site "Krakow"]
[Date "2024.07.02"]
[Round "1.19"]
[White "Glaessl, Matthias"]
[Black "Reuben, Stewart"]
[Result "1-0"]
[ECO "B35"]
[WhiteElo "2196"]
[BlackElo "1995"]
[Annotator "RC"]
[PlyCount "121"]
[EventDate "2024.07.01"]
[EventType "team-tourn"]
[EventCountry "POL"]
[SourceTitle "playchess.com"]
[Source "ChessBase"]
[SourceQuality "1"]
[TimeControl "40/5400+30:1800+30"]

1. e4 c5 2. Nf3 Nc6 3. d4 cxd4 4. Nxd4 g6 5. Nc3 Bg7 6. Be3 Nf6 7. Bc4 O-O 8. Bb3 a6 9. O-O b5 10. Re1 Qc7 11. f3 Na5 12. Nd5 Nxd5 13. Bxd5 Bb7 14. Bxb7 Qxb7 15. Bf2 d6 16. c3 Rac8 17. Nc2 Nc4 18. Rb1 Rfd8 19. Ne3 e6 20. Qe2 Qc6 21. Red1 Nxe3 22. Bxe3 d5 23. exd5 Rxd5 24. a3 Rcd8 25. Rxd5 Qxd5 26. Rc1 Qb3 27. Rc2 Qc4 28. Rd2 Qxe2 29. Rxe2 Rd3 30. Kf2 Kf8 31. Rc2 Ke8 32. Ke2 Rd5 33. Rd2 Rxd2+ 34. Kxd2 Kd7 35. Kd3 Kc6 36. b3 Bf8 37. Bc1 Bd6 38. h3 e5 39. c4 f5 40. cxb5+ Kxb5 41. Bb2 a5 42. Bc1 Kc5 43. Bd2 Kd5 44. a4 Bc7 45. Bc3 Bb6 46. b4 axb4 47. Bxb4 e4+ 48. fxe4+ fxe4+ 49. Ke2 Kc4 50. Bd2 Bc5 51. Be3 Bb4 52. Bb6 Kd5 53. a5 Kc6 54. Ke3 Kb5 55. Kxe4 Bxa5 56. Bxa5 Kxa5 57. Ke5 Kb5 58. Kf6 Kc6 59. Kg7 Kd5 60. Kxh7 g5 61. Kg6 1-0

[Event "WSTCC-65 2024"]
[Site "Krakow"]
[Date "2024.07.02"]
[Round "1.19"]
[White "MacElligott, Gerard"]
[Black "Gasik, Jadwiga"]
[Result "1-0"]
[ECO "A81"]
[WhiteElo "1993"]
[BlackElo "1780"]
[Annotator "NA RC"]
[PlyCount "35"]
[EventDate "2024.07.01"]
[EventType "team-tourn"]
[EventCountry "POL"]
[SourceTitle "playchess.com"]
[Source "ChessBase"]
[SourceQuality "1"]
[TimeControl "40/5400+30:1800+30"]

1. d4 f5 2. g3 c6 3. Bg2 d6 4. Nf3 Nf6 5. O-O Qc7 6. Nbd2 e5 7. dxe5 dxe5 8. e4 fxe4 9. Ng5 e3 10. Nde4 exf2+ 11. Rxf2 Ng4 12. Rf7 Qb6+ 13. Kh1 h6 14. Rxf8+ Rxf8 15. Nd6+ Ke7 16. Nxc8+ Rxc8 17. Qxg4 Nd7 18. Qe6+ 1-0

[Event "WSTCC-65 2024"]
[Site "Krakow"]
[Date "2024.07.02"]
[Round "1.20"]
[White "Kane, Robert"]
[Black "Schulz, Michael"]
[Result "0-1"]
[ECO "A43"]
[WhiteElo "1849"]
[BlackElo "2109"]
[Annotator "NA RC"]
[PlyCount "54"]
[EventDate "2024.07.01"]
[EventType "team-tourn"]
[EventCountry "POL"]
[SourceTitle "playchess.com"]
[Source "ChessBase"]
[SourceQuality "1"]
[TimeControl "40/5400+30:1800+30"]

1. d4 Nf6 2. Nf3 c5 3. d5 e6 4. Nc3 b5 5. dxe6 fxe6 6. Bg5 b4 7. Ne4 d5 8. Bxf6 gxf6 9. Ned2 Bb7 10. e3 Bg7 11. Bb5+ Nd7 12. Nb3 Rc8 13. a3 a6 14. Be2 f5 15. axb4 Bxb2 16. Na5 Qb6 17. Nxb7 Qxb4+ 18. Kf1 Qxb7 19. Rxa6 Rc6 20. Ra4 Bf6 21. h4 Rb6 22. Qd2 Rb1+ 23. Ne1 O-O 24. Kg1 Ra8 25. Rxa8+ Qxa8 26. f3 Qa1 27. Kf2 Bc3 0-1

[Event "WSTCC-65 2024"]
[Site "Krakow"]
[Date "2024.07.02"]
[Round "1.21"]
[White "Hogan, Pat"]
[Black "Vogt, Lothar"]
[Result "0-1"]
[ECO "A45"]
[WhiteElo "1936"]
[BlackElo "2292"]
[Annotator "NA RC"]
[PlyCount "48"]
[EventDate "2024.07.01"]
[EventType "team-tourn"]
[EventCountry "POL"]
[SourceTitle "playchess.com"]
[Source "ChessBase"]
[SourceQuality "1"]
[TimeControl "40/5400+30:1800+30"]

1. d4 Nf6 2. Bf4 g6 3. Nc3 Bg7 4. e4 d6 5. Nf3 O-O 6. Be2 Nc6 7. O-O Bg4 8. Be3 e5 9. d5 Ne7 10. Nd2 Bxe2 11. Qxe2 a6 12. f3 Nh5 13. Nb3 f5 14. g4 fxg4 15. fxg4 Nf4 16. Bxf4 exf4 17. Qd2 g5 18. Nd4 Bxd4+ 19. Qxd4 Qd7 20. Qd1 Ng6 21. h3 h5 22. Kf2 Ne5 23. Rg1 hxg4 24. hxg4 f3 0-1

[Event "WSTCC-65 2024"]
[Site "Krakow"]
[Date "2024.07.02"]
[Round "1.21"]
[White "Gibbons, Robert"]
[Black "Janocha, Wieslaw"]
[Result "0-1"]
[ECO "A46"]
[WhiteElo "1908"]
[BlackElo "2167"]
[Annotator "RC"]
[PlyCount "98"]
[EventDate "2024.07.01"]
[EventType "team-tourn"]
[EventCountry "POL"]
[SourceTitle "playchess.com"]
[Source "ChessBase"]
[SourceQuality "1"]
[TimeControl "40/5400+30:1800+30"]

1. d4 Nf6 2. Nf3 e6 3. e3 c5 4. c3 b6 5. Bd3 Bb7 6. O-O Nc6 7. Re1 d5 8. Nbd2 Be7 9. e4 dxe4 10. Nxe4 cxd4 11. cxd4 O-O 12. Nxf6+ Bxf6 13. Be3 g6 14. Be4 Na5 15. Bxb7 Nxb7 16. Bf4 Na5 17. Be5 Bg7 18. Rc1 Qd5 19. b3 Nc6 20. Qe2 Rac8 21. Rc4 Nxe5 22. dxe5 Rxc4 23. bxc4 Qc5 24. Nd2 Rc8 25. Kf1 Bh6 26. Nb3 Qxc4 27. Qxc4 Rxc4 28. g3 Kf8 29. f4 g5 30. fxg5 Bxg5 31. Re2 Ke7 32. Kf2 a5 33. Nd2 Bxd2 34. Rxd2 Re4 35. Rb2 Rxe5 36. Rxb6 Rc5 37. Rb7+ Kf6 38. Rb2 Rc3 39. Ke2 Ra3 40. Kf2 h5 41. Kg2 e5 42. h4 Kf5 43. Kh3 Ke4 44. Re2+ Re3 45. Rxe3+ Kxe3 46. g4 Kf4 47. gxh5 Kf5 48. Kg3 Kf6 49. Kg4 Kg7 0-1

[Event "WSTCC-65 2024"]
[Site "Krakow"]
[Date "2024.07.02"]
[Round "1.22"]
[White "Miltner, Arndt"]
[Black "Noone, Joe"]
[Result "1-0"]
[ECO "B22"]
[WhiteElo "2259"]
[BlackElo "1906"]
[Annotator "TA"]
[PlyCount "79"]
[EventDate "2024.07.01"]
[EventType "team-tourn"]
[EventCountry "POL"]
[SourceTitle "playchess.com"]
[Source "ChessBase"]
[SourceQuality "1"]
[TimeControl "40/5400+30:1800+30"]

1. e4 c5 2. c3 d5 3. exd5 Qxd5 4. Nf3 Nf6 5. Na3 a6 6. Be2 e6 7. O-O Nc6 8. Nc4 {[%emt 0:02:40] White is slightly better.} Qd8 {[%emt 0:03:06] Repels Nb6} 9. a4 Be7 10. a5 Nd5 11. d3 O-O 12. Be3 Bd7 13. Qb3 Rb8 14. Rfd1 Qc7 15. Qa3 ({White should play} 15. Re1 $11) 15... Na7 (15... Nd4 $15 16. Bxd4 (16. cxd4 cxd4 $17) 16... cxd4) 16. Bg5 $11 Bxg5 17. Nxg5 Nb5 18. Qb3 Bc6 19. Ne4 Nf4 20. Bf1 Bd5 21. Qc2 Rbd8 22. g3 Ng6 23. Ne3 Rd7 24. Bg2 Rfd8 25. f4 Nd6 26. Nxd5 exd5 27. Nxd6 Rxd6 28. d4 c4 29. Re1 Ne7 30. Qe2 Kf8 31. Qh5 h6 32. Re5 Rf6 {[%emt 0:01:53] [#]} (32... Ng8 $14) 33. Rae1 $1 $18 (33. Bxd5 Nxd5 34. Rxd5 Kg8) 33... Nc6 34. Rxd5 Re8 35. Rxe8+ Kxe8 36. Rc5 {[%emt 0:00:44][%cal Od4d5] Black must now prevent d5!} ({Resist} 36. Qe2+ $6 Qe7 37. Qxe7+ (37. Qxc4 Qe3+ 38. Kh1 Re6 $16) 37... Nxe7) 36... Qe7 37. Bxc6+ ({Weaker is} 37. Rxc4 Qe3+ 38. Kf1 Qc1+ 39. Kf2 Re6 $16) 37... bxc6 38. Re5 ({And not} 38. Rxc4 Qe1+ 39. Kg2 Re6 $11) 38... Re6 39. Rxe6 (39. Qg4 $18 Kf8 40. Rxe6 fxe6 41. Qe2) 39... Qxe6 $16 40. Qe5 {Weighted Error Value: White=0.13 (very precise) /Black=0.16 (very precise) .  Mistake:       	White=2     	Black=2      Inaccurate:     	White=2     	Black=1      OK:         	White=14    	Black=10     Strong:       	White=1     	---} 1-0

[Event "WSTCC-65 2024"]
[Site "Krakow"]
[Date "2024.07.02"]
[Round "1.22"]
[White "Swierczewski, Marek"]
[Black "Kerr, Grant"]
[Result "1-0"]
[ECO "B50"]
[WhiteElo "2059"]
[BlackElo "1769"]
[Annotator "NA RC"]
[PlyCount "111"]
[EventDate "2024.07.01"]
[EventType "team-tourn"]
[EventCountry "POL"]
[SourceTitle "playchess.com"]
[Source "ChessBase"]
[SourceQuality "1"]
[TimeControl "40/5400+30:1800+30"]

1. e4 c5 2. Nf3 d6 3. c3 Nf6 4. Bd3 e6 5. Bc2 Be7 6. O-O O-O 7. d4 g6 8. Re1 Nc6 9. Bh6 Re8 10. dxc5 dxc5 11. Nbd2 e5 12. h3 Be6 13. Qe2 Qc7 14. Ng5 Bf8 15. Bxf8 Kxf8 16. Nxe6+ Rxe6 17. Qe3 Kg7 18. Qxc5 Rc8 19. Nf3 Re7 20. Rad1 b6 21. Qe3 Rd8 22. Rxd8 Nxd8 23. Rd1 h6 24. Rd2 Ne6 25. g3 Qc5 26. Qxc5 Nxc5 27. Re2 Nfd7 28. Nd2 f6 29. Nc4 Nb7 30. Ne3 Ndc5 31. Nd5 Rd7 32. b4 Ne6 33. Bb3 Nc7 34. a4 h5 35. f3 Nxd5 36. Bxd5 Kf8 37. Kf2 Ke7 38. Ke3 Nd6 39. f4 Rc7 40. Kd3 a5 41. bxa5 bxa5 42. Rb2 Rc5 43. fxe5 fxe5 44. Rb6 g5 45. c4 h4 46. g4 Kd7 47. Rb8 Rc8 48. Rb6 Rc5 49. Ra6 Ke7 50. Ra7+ Kf6 51. Rd7 Ne8 52. Rf7+ Kg6 53. Rf5 Nf6 54. Rxe5 Rc8 55. Re6 Rb8 56. Re5 1-0

[Event "WSTCC-65 2024"]
[Site "Krakow"]
[Date "2024.07.02"]
[Round "1.23"]
[White "Harding, Tim D"]
[Black "Wenner, Tobias"]
[Result "1/2-1/2"]
[ECO "E95"]
[WhiteElo "1945"]
[BlackElo "2090"]
[Annotator "NA RC"]
[PlyCount "47"]
[EventDate "2024.07.01"]
[EventType "team-tourn"]
[EventCountry "POL"]
[SourceTitle "playchess.com"]
[Source "ChessBase"]
[SourceQuality "1"]
[TimeControl "40/5400+30:1800+30"]

1. c4 Nf6 2. Nf3 g6 3. Nc3 Bg7 4. e4 d6 5. d4 O-O 6. Be2 Nbd7 7. O-O e5 8. Re1 Re8 9. dxe5 dxe5 10. Bg5 h6 11. Be3 c6 12. h3 Qe7 13. Qc2 a5 14. a3 Nc5 15. b4 axb4 16. axb4 Rxa1 17. Rxa1 Na6 18. b5 Nb4 19. Qb1 cxb5 20. cxb5 Be6 21. Na4 Nd7 22. Nc5 Nxc5 23. Qxb4 Nb3 24. Qxe7 1/2-1/2

[Event "WSTCC-65 2024"]
[Site "Krakow"]
[Date "2024.07.02"]
[Round "1.23"]
[White "Booth, Anthony"]
[Black "Czajkowski, Ryszard"]
[Result "0-1"]
[ECO "D83"]
[WhiteElo "1742"]
[BlackElo "1975"]
[Annotator "NA RC"]
[PlyCount "96"]
[EventDate "2024.07.01"]
[EventType "team-tourn"]
[EventCountry "POL"]
[SourceTitle "playchess.com"]
[Source "ChessBase"]
[SourceQuality "1"]
[TimeControl "40/5400+30:1800+30"]

1. d4 Nf6 2. c4 g6 3. Nc3 d5 4. Bf4 Bg7 5. e3 O-O 6. Be2 c5 7. Nf3 Nc6 8. O-O cxd4 9. exd4 Bf5 10. Nh4 Be6 11. c5 Ne4 12. Be3 Nxc5 13. Nf3 Ne4 14. Ng5 Nxg5 15. Bxg5 Nxd4 16. Re1 Qd7 17. Bf1 Rfd8 18. Be3 Nf5 19. Bc5 b6 20. Ba3 a6 21. Rc1 b5 22. b3 Rac8 23. Ne2 Qb7 24. Nf4 b4 25. Rxc8 Bxc8 26. Bc1 e5 27. Nd3 e4 28. Nc5 Qb6 29. Na4 Qd6 30. Bb2 Bxb2 31. Nxb2 Bb7 32. g4 Nh4 33. Bg2 Nxg2 34. Kxg2 d4 35. Nc4 e3+ 36. f3 Qf6 37. Rf1 Bd5 38. Nb2 Re8 39. Qe2 Bc6 40. Nc4 Qf4 41. h3 h5 42. Rd1 hxg4 43. hxg4 Qxg4+ 44. Kh2 Bxf3 45. Nxe3 Rxe3 46. Qf2 Qh5+ 47. Kg3 Bxd1+ 48. Kf4 Qe5# 0-1

[Event "WSTCC-65 2024"]
[Site "Krakow"]
[Date "2024.07.02"]
[Round "1.24"]
[White "Dekan, Hans"]
[Black "Matthews, Gabriel"]
[Result "1-0"]
[ECO "B33"]
[WhiteElo "2083"]
[BlackElo "1917"]
[Annotator "NA RC"]
[PlyCount "81"]
[EventDate "2024.07.01"]
[EventType "team-tourn"]
[EventCountry "POL"]
[SourceTitle "playchess.com"]
[Source "ChessBase"]
[SourceQuality "1"]
[TimeControl "40/5400+30:1800+30"]

1. e4 c5 2. Nf3 Nc6 3. d4 cxd4 4. Nxd4 Nf6 5. Nc3 e5 6. Ndb5 d6 7. Bg5 a6 8. Na3 b5 9. Nd5 Be7 10. Bxf6 Bxf6 11. c4 O-O 12. cxb5 Nd4 13. Bd3 Bb7 14. bxa6 Bxd5 15. exd5 Qa5+ 16. Kf1 Qxd5 17. f3 Qe6 18. Nb5 Nxb5 19. Bxb5 d5 20. Qe2 Rfc8 21. Rd1 Bd8 22. b3 Bb6 23. Qd3 f5 24. g3 Rd8 25. Kg2 e4 26. Rhe1 Rac8 27. Qe2 Rc5 28. fxe4 fxe4 29. Rc1 Qc8 30. Rxc5 Qxc5 31. a4 Rf8 32. Rf1 Rxf1 33. Qxf1 Qe7 34. Qf5 d4 35. Bc4+ Kh8 36. a7 Qd8 37. Qxe4 Bxa7 38. Bd3 g6 39. Qe5+ Kg8 40. Bc4+ Kf8 41. Qh8+ 1-0

[Event "WSTCC-65 2024"]
[Site "Krakow"]
[Date "2024.07.02"]
[Round "1.24"]
[White "Krupa, Krzysztof"]
[Black "Beier, Thomas"]
[Result "0-1"]
[ECO "C55"]
[WhiteElo "1947"]
[BlackElo "1538"]
[Annotator "NA RC"]
[PlyCount "82"]
[EventDate "2024.07.01"]
[EventType "team-tourn"]
[EventCountry "POL"]
[SourceTitle "playchess.com"]
[Source "ChessBase"]
[SourceQuality "1"]
[TimeControl "40/5400+30:1800+30"]

1. e4 e5 2. Nf3 Nc6 3. d4 exd4 4. Bc4 Nf6 5. O-O Be7 6. e5 Ne4 7. Bd5 Nc5 8. Re1 Ne6 9. c3 O-O 10. Nxd4 Ncxd4 11. cxd4 d6 12. Nc3 dxe5 13. dxe5 Bb4 14. Be3 c6 15. Bb3 Bxc3 16. bxc3 Qa5 17. Qh5 g6 18. Qh6 Ng7 19. Qg5 Be6 20. c4 Qd8 21. Rad1 Qxg5 22. Bxg5 Nf5 23. c5 Bxb3 24. axb3 b5 25. Re2 a5 26. Ra2 a4 27. bxa4 Rxa4 28. Rxa4 bxa4 29. g4 Ng7 30. Ra1 Ra8 31. Be3 Ne6 32. f4 Nc7 33. f5 a3 34. Ra2 Nb5 35. Bd2 Ra4 36. h3 Rc4 37. f6 Rxc5 38. Bf4 Rc4 39. Be3 Rb4 40. Bc5 Rb1+ 41. Kf2 Rb2+ 0-1